 Dungeon Crawl Stone Soup version 0.31.0-32-g396128a36d (webtiles) character file.

Game seed: 10300871167680480192

85 warriortoast the Digger (level 4, -2/24 HPs)
             Began as a Gargoyle Earth Elementalist on Mar 12, 2024.
             Incinerated by a bombardier beetle (5 damage)
             ... with a burning spray
             ... on level 3 of the Dungeon.
             The game lasted 00:02:31 (1935 turns).

warriortoast the Digger (GrEE)                      Turns: 1935, Time: 00:02:31

Health: -2/24      AC:  5    Str: 11    XL:     4   Next: 48%
Magic:  3/8        EV: 11    Int: 18    God:
Gold:   117        SH:  0    Dex: 10    Spells: 7/8 levels left

rFire   . . .        f - +1 spear
rCold   . . .        (no shield)
rNeg    + . .        a - +0 robe
rPois   ∞            (no helmet)
rElec   +            (no cloak)
rCorr   .            (no gloves)
SInv    .            (no boots)
Will    .....        (no amulet)
Stlth   +            (no ring)
HPRegen 0.24/turn    (no ring)
MPRegen 0.11/turn

%: no passive effects
@: on fire, glowing
A: sickness immunity, AC +3, negative energy resistance 1, electricity
resistance, torment resistance 1, petrification resistance
a: no special abilities


You were on level 3 of the Dungeon.
You visited 1 branch of the dungeon, and saw 3 of its levels.

You collected 117 gold pieces.

Inventory:

Hand Weapons
 f - a +1 spear (weapon)
Armour
 a - a +0 robe (worn)
Jewellery
 c - a +6 ring of strength
Potions
 b - a potion of magic
 d - a potion of cancellation {unknown}
 h - a potion of enlightenment {unknown}


   Skills:
 - Level 1.5 Dodging
 - Level 2.1 Stealth
 + Level 2.9 Spellcasting
 + Level 2.7 Conjurations
 + Level 4.6 Earth Magic


You had 7 spell levels left.
You knew the following spells:

 Your Spells              Type           Power      Damage    Failure   Level
a - Sandblast             Erth           38%        2d10      2%          1

Your spell library contained the following spells:

 Spells                   Type           Power      Damage    Failure   Level
 Passwall                 Erth           19%        N/A       8%          3
 Stone Arrow              Conj/Erth      30%        3d8       11%         3
 Brom's Barrelling Bould  Conj/Erth      15%        2d4       36%         4
 Petrify                  Alch/Erth      10%        N/A       54%         4


Dungeon Overview and Level Annotations

Branches:
Dungeon (3/15)

Altars:


Innate Abilities, Weirdness & Mutations

You are immune to sickness and miasma.
Your stone body is resilient. (AC +3)
You are immune to poison.
You resist negative energy. (rN+)
You are resistant to electric shocks. (rElec)
You are resistant to unholy torment.
You are immune to petrification.


Message History

The jackal barks! x2; You hear a bark!
You hear a shout!
A jackal comes into view. x2
The blast of sand hits the jackal!
You kill the jackal!
A kobold comes into view. It is wielding a +0 dagger.
The blast of sand hits the jackal!
You kill the jackal!
The bombardier beetle sprays incendiary fluid at you.
The burning spray hits you.
You are covered in liquid fire!
The blast of sand hits the kobold!
You kill the kobold!
The liquid fire burns you!
The blast of sand hits the jackal!
You kill the jackal!
The liquid fire burns you!
The blast of sand hits the bombardier beetle!
The bombardier beetle is heavily wounded.
The liquid fire burns you!
You are too injured to fight recklessly!
You are too injured to fight recklessly!
You are too injured to fight recklessly!
You hit the bombardier beetle.
The bombardier beetle is severely wounded.
The liquid fire burns you!
* * * LOW HITPOINT WARNING * * *
The bombardier beetle sprays incendiary fluid at you.
The burning spray hits you.
You are even more covered in liquid fire!
You hit the bombardier beetle.
The bombardier beetle is severely wounded.
The liquid fire burns you!
* * * LOW HITPOINT WARNING * * *
The bombardier beetle sprays incendiary fluid at you.
The burning spray hits you.
You are even more covered in liquid fire!
You hit the bombardier beetle.
You kill the bombardier beetle!
The liquid fire burns you!
You die...

....... .. .. ..
....... #.###. .
..##### #..... .# +#
.. (.... .# .##
...##.!.#..# ###....
........#..###.......#
#....).†.....+.......#
#@######.......#
#†.............#
#.B.h#.............
#....†.+..........#
#.....##..........#
#.h... ######...#....
#..... ##..########
#.... ##.........
..... #..........


You could see a jackal.

Vanquished Creatures
  A bombardier beetle (D:3)
  4 adders (D:2)
  2 dart slugs
  A ribbon worm (D:3)
  4 endoplasms
  5 giant cockroaches
  5 hobgoblins
  3 jackals (D:3)
  A quokka (D:1)
  2 ball pythons
  2 bats
  2 frilled lizards
  4 goblins
  4 kobolds
  2 rats
42 creatures vanquished.

Notes
Turn   | Place    | Note
-------+----------+-------------------------------------------
     0 | D:1      | warriortoast the Gargoyle Earth Elementalist began the
                  | quest for the Orb.
     0 | D:1      | Reached XP level 1. HP: 10/10 MP: 3/3
   294 | D:1      | Reached XP level 2. HP: 11/15 MP: 3/5
   370 | D:1      | Found a faded altar of an unknown god.
   482 | D:1      | Reached skill level 4 in Earth Magic
   949 | D:2      | Reached XP level 3. HP: 14/19 MP: 0/6
  1393 | D:2      | Reached XP level 4. HP: 23/24 MP: 3/8
  1935 | D:3      | Incinerated by a bombardier beetle

Illustrated notes

Levels and vault maps discovered:
D:1:      scummos_arrival_checkerplants, layout_loops_ring,
          basic_ecumenical_altar, minmay_misc_feat_room, reono_crystal_passage
D:2:      layout_basic
D:3:      layout_basic, cheibrodos_sewer_entry_bend

Skill      XL: |  1  2 |
---------------+-------+-----
Earth Magic    | 4 |  4.6
Conjurations   | 2 |  2.7
Dodging        | |  1.5
Stealth        | |  2.1
Spellcasting   | |  2.9

Action                     |  1- 3 |  4- 6 || total
---------------------------+-------+-------++-------
  Melee: Spear             |     5 |     7 ||    12
         Unarmed           |     2 |       ||     2
   Cast: Sandblast         |    45 |    14 ||    59
    Use: Scroll            |       |     3 ||     3
 Armour: Robe              |    18 |     2 ||    20
  Dodge: Dodged            |    20 |     5 ||    25
